 Dungeon Crawl Stone Soup version 0.30-a0-860-g512cf1e979 (webtiles) character file.

Game seed: 6309305136323100035

214785 dolemite99 the Tortoise (level 20, -18/148 HPs)
             Began as a Djinni Conjurer on Mar 8, 2023.
             Was a High Priest of Ashenzari.
             Shot with a bolt by a merfolk javelineer (40 damage)
             ... on level 4 of the Shoals.
             The game lasted 02:27:49 (76614 turns).

dolemite99 the Tortoise (Djinni Conjurer)          Turns: 76614, Time: 02:27:49

Health: -18/148    AC: 24    Str: 14    XL:     20   Next: 17%
Gold:   1268       EV: 16    Int: 31    God:    Ashenzari [*****.] SH: 13 Dex: 15

rFire   + + .      SeeInvis +    b - +4 demon blade (vamp)
rCold   . . .      Faith    .    f - +0 kite shield of Ashenzari's Ordeal {reflect, Fort, Range} (curse)
rNeg    . . .      Spirit   .    l - +6 scale mail "Share My Nihilism" {Will+, Cun, Evo} (curse)
rPois   ∞          Reflect  +    j - +0 helmet "Restrained Together" {Dex+2, Evo, Range} (curse)
rElec   .          Rampage  .    R - +2 cloak "Restrained Urgency" {rPois, Melee, Cun} (curse)
rCorr   .          Clarity  +    H - +0 pair of gloves of the Ensconced Vision {Cun, Range} (curse)
Will    +++..                    (boots unavailable)
Stlth   ++++                     A - amulet of Ouranomancy {Regen+ Str+2 Int+3 Slay+3, Evo, Cun} (curse)
HPRegen 1.24/turn                c - ring of Ashenzari's Oracle {rC+, Fort, Melee} (curse)
MPRegen 0.00/turn                E - +6 ring of strength

@: about to teleport, spewing sludge, flying
A: sickness immunity, fire resistance 2, cold vulnerability 1, float, innate
caster, HP casting, extra vitality 1
a: Renounce Religion, Shatter the Chains


You were on level 4 of the Shoals.
You worshipped Ashenzari.
Ashenzari was extremely pleased with you.
You visited 7 branches of the dungeon, and saw 33 of its levels.
You also visited: Ice Cave.

You collected 3310 gold pieces.
You spent 2042 gold pieces at shops.

Inventory:

Hand Weapons
 a - the +11 Singing Sword {sonic wave}
   (You found it on level 6 of the Dungeon)
 b - a +4 vampiric demon blade (weapon)
 i - a +2 rapier of electrocution
 n - the +2 war axe of Burnt Conscience {venom, +Blink Will+ Str+3}
   (You bought it in a shop on level 2 of the Orcish Mines)

   Str:       It affects your strength (+3).
   +Blink:    It lets you blink.
   Will:      It increases your willpower.
 w - a +1 spectral scimitar
 S - a +0 demon trident
Missiles
 g - 3 silver javelins
 u - 14 poisoned darts
 J - 2 throwing nets
 L - 8 curare-tipped darts
 U - 20 boomerangs (quivered)
Armour
 f - the cursed +0 kite shield of Ashenzari's Ordeal (worn) {reflect, Fort, Range}
   (You took it off Donald on level 2 of the Orcish Mines)

   It has a curse which improves the following skills: Fortitude: Armour and
   Shields.
   Ranged Combat: Ranged Weapons and Throwing.
 j - the cursed +0 helmet "Restrained Together" (worn) {Dex+2, Evo, Range}
   (You found it on level 2 of the Dungeon)

   Dex:       It affects your dexterity (+2).
   It has a curse which improves the following skills: Evocations: Evocations.
   Ranged Combat: Ranged Weapons and Throwing.
 l - the cursed +6 scale mail "Share My Nihilism" (worn) {Will+, Cun, Evo}
   (You found it on level 12 of the Dungeon)

   It has a curse which improves the following skills: Cunning: Dodging and
   Stealth.
   Evocations: Evocations.
 s - a +2 scale mail of cold resistance
 D - the +1 ring mail of Perfidy {Int+3}
   (You found it on level 13 of the Dungeon)

   Int:       It affects your intelligence (+3).
 H - the cursed +0 pair of gloves of the Ensconced Vision (worn) {Cun, Range}
   (You found it on level 5 of the Dungeon)

   It has a curse which improves the following skills: Cunning: Dodging and
   Stealth.
   Ranged Combat: Ranged Weapons and Throwing.
 R - the cursed +2 cloak "Restrained Urgency" (worn) {rPois, Melee, Cun}
   (You took it off Maurice on level 8 of the Dungeon)

   It has a curse which improves the following skills: Melee Combat: Short
   Blades, Long Blades, Axes, Maces & Flails, Polearms, Staves and Unarmed
   Combat.
   Cunning:   Dodging and Stealth.
Magical Staves
 h - a staff of air
 r - a staff of conjuration
Jewellery
 c - the cursed ring of Ashenzari's Oracle (left hand) {rC+, Fort, Melee}
   (You took it off an orc priest on level 4 of the Dungeon)

   [ring of protection from cold]

   rC:        It protects you from cold.
   It has a curse which improves the following skills: Fortitude: Armour and
   Shields.
   Melee Combat: Short Blades, Long Blades, Axes, Maces & Flails, Polearms,
   Staves and Unarmed Combat.
 k - a ring of fire
 m - a ring of protection from cold
 p - a ring of positive energy
 z - a +4 ring of protection
 A - the cursed amulet of Ouranomancy (around neck) {Regen+ Str+2 Int+3 Slay+3, Evo, Cun}
   (You took it off a deep elf zephyrmancer on level 1 of the Elven Halls)

   [amulet of regeneration]

   Str:       It affects your strength (+2).
   Int:       It affects your intelligence (+3).
   Slay:      It affects your accuracy & damage with ranged weapons and melee
   (+3).
   Regen:     It increases your rate of health regeneration.
   It has a curse which improves the following skills: Evocations: Evocations.
   Cunning:   Dodging and Stealth.
 E - a +6 ring of strength (right hand)
 Q - a ring of ice
 T - a ring of protection from cold
 Y - a ring of resist corrosion
Wands
 C - a wand of flame (3)
 F - a wand of polymorph (21)
 G - a wand of quicksilver (2)
 P - a wand of iceblast (7)
Scrolls
 d - 8 scrolls of vulnerability
 y - a scroll of fog
 B - 4 scrolls of magic mapping
 N - 5 scrolls of teleportation
 O - a scroll of brand weapon
 W - 4 scrolls of silence
 X - a scroll of enchant armour
Potions
 e - 6 potions of cancellation
 t - 4 potions of berserk rage
 x - 6 potions of attraction
 K - 4 potions of ambrosia
 Z - 7 potions of might
Miscellaneous
 M - a lightning rod (1/4)


   Skills:
 - Level 14.9 Fighting
 - Level 6.9(12.3) Short Blades
 - Level 10.7(14.7) Long Blades
 - Level 4.8(9.0) Throwing
 - Level 15.2(18.6) Armour
 - Level 10.5(15.9) Dodging
 + Level 8.6(14.0) Stealth
 - Level 10.5(13.9) Shields
 - Level 13.3 Spellcasting
 - Level 6.0(10.4) Evocations


You knew the following spells:

 Your Spells              Type           Power      Damage    Failure   Level
a - Airstrike             Air            40%        2d(6-22)  1%          4
b - Eringya's Noxious Bo  Tmut/Pois      40%        N/A       7%          6
c - Iron Shot             Conj/Erth      40%        9d8       7%          6
d - Frozen Ramparts       Ice            100%       1d16      1%          3
e - Fulminant Prism       Conj/Hex       40%        3d19      1%          4
f - Slow                  Hex            100%       N/A       1%          1
g - Ensorcelled Hibernat  Hex/Ice        100%       N/A       1%          2
h - Dazzling Flash        Conj/Hex       100%       N/A       1%          3
i - Gell's Gravitas       Tloc           80%        N/A       1%          3
j - Magic Dart            Conj           100%       1d8       1%          1
k - Iskenderun's Mystic   Conj/Tloc      80%        2d16      1%          4
l - Searing Ray           Conj           100%       2d8       1%          2
m - Storm Form            Tmut/Air       40%        N/A       36%         7
z - Agony                 Necr           80%        N/A       1%          5
Your spell library was empty.

Dungeon Overview and Level Annotations

Branches:
Dungeon (15/15)            Temple (1/1) D:7            Lair (5/5) D:11
 Shoals (4/4) Lair:2       Spider (3/4) Lair:3        Slime (0/5) Lair:4
    Orc (2/2) D:10            Elf (3/3) Orc:2        Vaults (0/5) D:13
 Depths (0/4) D:15          IceCv (visited)

Altars:
Ashenzari
Cheibriados
Dithmenos
Elyvilon
Fedhas
Gozag
Hepliaklqana
Makhleb
Nemelex Xobeh
Okawaru
Qazlal
Ru
Uskayaw
Wu Jian
Xom
Yredelemnul
Zin
The Shining One
Jiyva
Lugonu

Shops:
D:3 !   D:8 (   D:11 =   Orc:2 :[[(   Elf:2 (

Portals:
Abyss: Lair:5

Annotations:
D:7 exclusion: oklob plant
D:12 exclusion: downstairs
Lair:1 3 runed translucent doors, Plog's ghost, journeyman TrFi
Spider:3 Mara
Elf:2 5 runed translucent doors


Innate Abilities, Weirdness & Mutations

You are immune to sickness and miasma.
You are immune to poison.
Your flesh is very heat resistant. (rF++)
You are vulnerable to cold. (rC-)
You float through the air rather than walking.
You learn spells naturally, not from books.
Your magical power is your life essence.
You have superior vitality. (+4 MHP)


Message History

Casting: Iron Shot (dangerous; 7% risk of failure)
Confirm with . or Enter, or press ? or * to list all spells.
Aiming: Iron Shot (dangerous; 7% risk of failure)
Press: ? - help, Shift-Dir - straight line, f/p - merfolk javelineer
Aim: a merfolk javelineer, wielding the +3 triple crossbow of the Witching Gods {heavy, rElec Int+3}, wearing a +0 leather armour and quivering silver javelins (heavily wounded, 70% to hit)
The iron shot hits the merfolk javelineer!!
The merfolk javelineer is almost dead.
* * * LOW HITPOINT WARNING * * *
You feel better.
The merfolk aquamancer festers in the toxic bog!
The merfolk aquamancer looks as sick as possible!
You block the merfolk aquamancer's attack.
The merfolk javelineer shoots a bolt.
You reflect the bolt off your cursed +0 kite shield of Ashenzari's Ordeal {reflect, Fort, Range}!
The bolt barely misses the merfolk javelineer.
Okay, then.
As you read the scroll of teleportation, it crumbles to dust.
You feel strangely unstable.
The merfolk aquamancer festers in the toxic bog!
The merfolk aquamancer looks as sick as possible!
You block the merfolk aquamancer's attack.
The merfolk javelineer shoots a bolt.
The bolt hits you!!
* * * LOW HITPOINT WARNING * * *
The Singing Sword sighs.
You feel a sense of dread.
b - a +4 vampiric demon blade (weapon)
The merfolk aquamancer festers in the toxic bog!
The merfolk aquamancer looks as sick as possible!
The merfolk aquamancer gestures at you while chanting.
The torrent of water misses you.
The wave splashes down.
You hear a shout!
You hear an angry hiss.
You slash the merfolk aquamancer!
The merfolk aquamancer is almost dead.
The merfolk aquamancer festers in the toxic bog!
The merfolk aquamancer looks as sick as possible!
You kill the merfolk aquamancer!
You slash the merfolk javelineer!
You feel better.
The merfolk javelineer is almost dead.
The merfolk javelineer shoots a bolt.
The bolt hits you!!!
You die...

...........~#### ~~~~
########...~~~~# ~ ~ ~
~ ......8#..~...~### *
~~ ~
.......#...~~.~~~# * ~
~~ ~ ~
~~~~#..#..8.~...~# ~ ~
~~ ~
.#~~~~.#...~~)~~~###*
~~ ~~
~~~~...#.~~~~~~~~~~#
~~~~~ ~~
~~.....#.~_~~~8~~~.# ~
~ ......8#.~~~~~~~@~.#
~~~ ~ ~
#########.......m))#*
~~ ~~ ~ ~, ~,
#########..#* ~~~ ~ ~
* ,~ *8 , #..#*~~ ~ ~
, , * { ,#..# ~~~ ~ ~
* ** , *..~~...#..#*
~~~~~ ~ ~ *
#.~,..#..~~~..#..#*~~~
~~ ~
.#.~,..#..~~~..#..# ~
~ ~ ~
8~...#.#.~~~~#.#m.# ~
~ ~ ~


You could see a merfolk javelineer.

Vanquished Creatures
  Nikola (Shoals:2)
  Jorgrun (Orc:2)
  2 krakens
  Kirke (Lair:5)
  The ghost of Ceuduph the Tortoise, an adept AtWn of Uskayaw (Shoals:1)
  Donald (Orc:2)
  2 emperor scorpions
  A deep elf sorcerer (Elf:3)
  2 frost giants (IceCv)
  An orc warlord (Orc:2)
  2 broodmothers
  Azrael (D:13)
  A deep elf demonologist (Elf:1)
  A white draconian (IceCv)
  2 spark wasps
  A deep elf death mage (Elf:1)
  4 merfolk javelineers
  2 ettins (Orc:2)
  8 merfolk impalers
  4 entropy weavers (Spider:2)
  The ghost of TheSexyCheese the Cleaver, a journeyman TrFi of the Shining One (D:10)
  Josephine (D:13)
  A jorogumo (Spider:2)
  An ogre mage (D:13)
  2 merfolk avatars
  Erolcha (D:9)
  2 catoblepae
  2 radroaches
  6 centaur warriors
  A spriggan skeleton (D:15)
  6 hydras
  3 merfolk aquamancers (Shoals:4)
  3 ironbound frosthearts (IceCv)
  3 boulder beetles
  6 two-headed ogres
  A satyr (Shoals:4)
  11 death yaks
  2 thrashing horrors (Lair:5)
  4 dancing weapons
  A vampire mage (D:15)
  2 orc high priests (Orc:2)
  3 skysharks
  14 deep elf knights
  3 skeletal warriors
  Lodul (D:11)
  6 sea snakes
  5 pharaoh ants
  An orb spider (Spider:3)
  A sun moth (Spider:2)
  A necromancer (D:15)
  17 deep elf archers
  Pikel (D:8)
  A lindwurm (Lair:2)
  18 wolf spiders
  6 orc knights
  21 deep elf pyromancers
  A steelbarb worm (Spider:1)
  3 orc sorcerers
  An orange crystal statue (IceCv)
  31 deep elf zephyrmancers
  9 harpies
  7 manticores
  9 cyclopes
  2 moths of wrath (Spider:1)
  5 fauns
  29 ugly things
  Maurice (D:8)
  7 elephants
  11 merfolk sirens
  2 smoke demons (Lair:5)
  Joseph (D:9)
  4 demonic crawlers
  5 black mambas
  10 water nymphs
  An eye of devastation (shapeshifter) (Lair:5)
  3 torpor snails
  4 centaur skeletons (D:13)
  A spriggan zombie (D:15)
  9 kobold demonologists
  An unseen horror (D:11)
  8 cane toads
  8 komodo dragons
  An efreet (D:15)
  17 rime drakes
  3 yaktaurs (D:15)
  2 ancient zymes (Lair:5)
  16 merfolk
  10 wind drakes
  7 trolls
  18 polar bears
  16 tarantellas
  14 blink frogs
  8 saltlings
  3 hornets
  4 snapping turtles
  9 slime creatures
  Sigmund (D:3)
  14 culicivoras
  A raiju (shapeshifter) (Lair:5)
  21 jumping spiders
  A jumping spider (shapeshifter) (D:14)
  8 air elementals
  15 water elementals
  An ettin skeleton (D:15)
  6 wraiths
  A human (D:13)
  6 wyverns
  2 shadows
  A spriggan (shapeshifter) (Elf:1)
  A vampire (D:12)
  2 ynoxinuls (Lair:5)
  5 fire elementals
  5 hogs
  43 yaks
  A large abomination (Lair:5)
  14 small abominations (Lair:5)
  62 redbacks
  2 vampire mosquitoes (D:10)
  8 basilisks
  A steam dragon (D:7)
  A chaos spawn (Lair:5)
  2 acid dragons
  12 water moccasins
  A human zombie (D:15)
  7 wargs
  Duvessa (D:5)
  A hell hound (D:13)
  20 orc warriors
  2 ice beasts
  3 black bears
  A black bear (shapeshifter) (Lair:5)
  21 ogres
  17 centaurs
  A phantom (D:6)
  12 wolves
  3 lemures
  14 kobold brigands
  6 gnoll sergeants
  10 bullfrogs
  2 earth elementals
  4 scorpions
  5 wights
  Dowan (D:5)
  11 killer bees (D:9)
  6 howler monkeys
  4 electric eels
  A crimson imp (D:13)
  7 hounds
  3 gnoll boudas
  5 jellies
  16 orc priests
  Ijyb (D:4)
  An iguana (D:4)
  29 orc wizards
  22 gnolls
  9 adders
  A shadow imp (D:6)
  A white imp (D:8)
  An ufetubus (D:6)
  4 worms
  A dart slug (D:1)
  67 orcs
  15 bats
  10 endoplasms
  7 giant cockroaches
  5 goblins
  6 hobgoblins
  4 jackals (D:1)
  27 kobolds
  2 quokkas (D:1)
  3 ball pythons
  2 frilled lizards
  4 rats
  6 pillars of salt (Orc:2)
  3 tentacles
1152 creatures vanquished.

Vanquished Creatures (collateral kills)
  3 yaks (D:9)
3 creatures vanquished.

Vanquished Creatures (others)
  An unseen horror (D:12)
  A human (Lair:5)
  A kobold (D:13)
  4 bushes (Lair:2)
  2 butterflies (Lair:5)
  A demonic plant (D:1)
  75 fulminant prisms
  75 fungi
  4 pillars of salt (Orc:2)
  161 plants
  10 tentacles
  7 withered plants (D:15)
342 creatures vanquished.

Grand Total: 1497 creatures vanquished

Notes
Turn   | Place    | Note
-------+----------+-------------------------------------------
     0 | D:1      | dolemite99 the Djinni Conjurer began the quest for the Orb.
     0 | D:1      | dolemite99 set off with the following spells memorised:
                  | Magic Dart, Searing Ray, Dazzling Flash, Fulminant Prism,
                  | Iskenderun's Mystic Blast.
     0 | D:1      | Reached XP level 1. HP: 15/15 MP: 0/0
   316 | D:1      | Reached XP level 2. HP: 19/21 MP: 0/0
   968 | D:1      | Reached XP level 3. HP: 21/25 MP: 0/0
   968 | D:1      | Learned a level 1 spell: Slow
  1225 | D:1      | Found a faded altar of an unknown god.
  1225 | D:1      | Noticed a neqoxec
  1491 | D:2      | Reached XP level 4. HP: 26/31 MP: 0/0
  1633 | D:2      | Identified the +0 helmet "Naal" {Dex+2}
  2629 | D:3      | Found Putuodgh's Distillery.
  2637 | D:3      | Bought a potion of curing for 42 gold pieces
  2637 | D:3      | Bought a potion of heal wounds for 70 gold pieces
  2656 | D:3      | Found a burning altar of Makhleb.
  2707 | D:3      | Noticed Sigmund
  2722 | D:3      | Killed Sigmund
  2723 | D:3      | Reached skill level 5 in Spellcasting
  2723 | D:3      | Reached XP level 5. HP: 22/35 MP: 0/0
  2723 | D:3      | Learned a level 2 spell: Ensorcelled Hibernation
  2723 | D:3      | Reached XP level 6. HP: 25/40 MP: 0/0
  3235 | D:3      | Reached skill level 1 in Fighting
  3342 | D:3      | Identified the +11 whip "Trog's Scorn" {spect, rN+ Dex+3}
  3605 | D:4      | Reached XP level 7. HP: 16/49 MP: 0/0
  3605 | D:4      | Learned a level 3 spell: Frozen Ramparts
  4025 | D:4      | Found a hide-covered altar of Uskayaw.
  4025 | D:4      | Found an ornate altar of the Wu Jian Council.
  4128 | D:4      | Noticed Ijyb
  4133 | D:4      | Killed Ijyb
  4493 | D:5      | Entered Level 5 of the Dungeon
  4495 | D:5      | Noticed Dowan
  4502 | D:4      | Reached XP level 8. HP: 41/58 MP: 0/0
  5347 | D:4      | Reached skill level 5 in Fighting
  5835 | D:5      | Noticed Duvessa
  6274 | D:5      | Killed Duvessa
  6279 | D:5      | Killed Dowan
  6481 | D:5      | Reached XP level 9. HP: 30/66 MP: 0/0
  6481 | D:5      | Learned a level 3 spell: Gell's Gravitas
  6966 | D:5      | Found an iron altar of Okawaru.
  8076 | D:6      | You are sucked into a shaft and drop 3 floors!
  8196 | D:10     | Entered Level 10 of the Dungeon
  8196 | D:10     | Noticed a two-headed ogre
  8272 | D:9      | Reached XP level 10. HP: 23/76 MP: 0/0
  8707 | D:9      | Noticed Erolcha
  9352 | D:8      | Noticed Maurice
 10196 | D:6      | Identified the +5 ring mail "Yhuenopp" {Harm *Corrode rC+++
                  | Will+}
 11758 | D:6      | Found the +11 Singing Sword {sonic wave}
 11872 | D:7      | Found a staircase to the Ecumenical Temple.
 11888 | Temple   | Entered the Ecumenical Temple
 11924 | Temple   | Became a worshipper of Ashenzari the Shackled
 12566 | D:7      | Found a white marble altar of Elyvilon.
 12570 | D:7      | Found a basalt altar of Yredelemnul.
 12574 | D:7      | Found a shimmering altar of Xom.
 12920 | D:7      | Found a blossoming altar of Fedhas.
 12938 | D:7      | Noticed an oklob plant
 13806 | D:8      | Noticed Pikel
 13815 | D:8      | Killed Pikel
 13816 | D:8      | Reached skill level 10 in Fighting
 14131 | D:8      | Killed Maurice
 14132 | D:8      | Reached XP level 11. HP: 60/85 MP: 0/0
 14132 | D:8      | Learned a level 4 spell: Airstrike
 14857 | D:8      | Found Jumes's Weapon Emporium.
 14866 | D:8      | Reached skill level 1 in Short Blades
 15324 | D:8      | Reached * piety under Ashenzari
 15443 | D:9      | Noticed Joseph
 15801 | D:9      | Found Zin's Purification Station.
 15818 | D:9      | Killed Joseph
 15888 | D:9      | Reached skill level 5 in Short Blades
 16774 | D:9      | Found a glowing silver altar of Zin.
 16783 | D:9      | Bought 3 potions of curing for 270 gold pieces
 16822 | D:9      | Killed Erolcha
 17041 | D:10     | Noticed a deep elf pyromancer
 17049 | D:10     | Killed a deep elf pyromancer
 17414 | D:10     | Found a runed translucent gate.
 17414 | D:10     | Found a runed translucent gate.
 17414 | D:10     | Found a runed translucent gate.
 17414 | D:10     | Noticed TheSexyCheese's ghost (journeyman TrFi)
 17488 | D:10     | Reached ** piety under Ashenzari
 17497 | D:10     | Noticed a two-headed ogre
 17501 | D:10     | Killed a two-headed ogre
 17503 | D:10     | Killed a two-headed ogre
 17504 | D:10     | Reached skill level 1 in Throwing
 17976 | D:10     | Reached XP level 12. HP: 68/91 MP: 0/0
 18130 | D:10     | Reached skill level 1 in Long Blades
 18403 | D:10     | Reached *** piety under Ashenzari
 18415 | D:10     | Found a staircase to the Orcish Mines.
 19149 | D:11     | Noticed a two-headed ogre
 19165 | D:11     | Killed a two-headed ogre
 19486 | D:11     | Found Zavoxt's Jewellery Boutique.
 19489 | D:11     | Noticed a two-headed ogre
 19498 | D:11     | Killed a two-headed ogre
 20738 | D:11     | Found a staircase to the Lair.
 20936 | D:11     | Noticed Lodul
 20941 | D:11     | Killed Lodul
 22078 | D:11     | Reached XP level 13. HP: 73/103 MP: 0/0
 22078 | D:11     | Learned a level 5 spell: Agony
 22775 | D:3      | Bought a potion of cancellation for 112 gold pieces
 22775 | D:3      | Bought a potion of cancellation for 112 gold pieces
 22775 | D:3      | Bought a potion of curing for 42 gold pieces
 22775 | D:3      | Bought a potion of curing for 42 gold pieces
 22959 | Lair:1   | Entered Level 1 of the Lair of Beasts
 22966 | Lair:1   | Reached skill level 1 in Shields
 23062 | Lair:1   | Noticed a minotaur
 23073 | Lair:1   | Noticed Plog's ghost (journeyman TrFi)
 23311 | Lair:1   | Found a runed translucent gate.
 23311 | Lair:1   | Found a runed translucent gate.
 23312 | Lair:1   | Found a runed translucent gate.
 23658 | Lair:1   | Noticed a seven-headed hydra
 23669 | Lair:1   | Reached skill level 5 in Shields
 23673 | Lair:1   | Killed a seven-headed hydra
 24011 | Lair:1   | Noticed a catoblepas
 24949 | Lair:1   | Killed a catoblepas
 25728 | Lair:2   | Reached skill level 10 in Spellcasting
 26370 | Lair:2   | Found a staircase to the Shoals.
 26901 | Lair:2   | Reached skill level 5 in Long Blades
 27418 | Lair:2   | Reached **** piety under Ashenzari
 27479 | Lair:2   | Reached XP level 14. HP: 102/114 MP: 0/0
 27786 | Lair:3   | Found a hole to the Spider Nest.
 28728 | Lair:3   | Found the macabre finger necklace {Finger+ rN+}
 30695 | Lair:4   | Found a staircase to the Slime Pits.
 30695 | Lair:4   | Found a viscous altar of Jiyva.
 30939 | Lair:5   | Entered Level 5 of the Lair of Beasts
 30967 | Lair:5   | Reached skill level 10 in Long Blades
 33003 | Lair:5   | Noticed Kirke
 33794 | Lair:5   | Killed Kirke
 33795 | Lair:5   | Reached XP level 15. HP: 98/122 MP: 0/0
 33795 | Lair:5   | Learned a level 6 spell: Eringya's Noxious Bog
 35395 | Lair:5   | Reached ***** piety under Ashenzari
 36236 | Lair:5   | Identified the +1 robe of Duty {Fly Will+ Dex+3}
 36724 | Lair:5   | Found a corrupted altar of Lugonu.
 36724 | Lair:5   | Found a one-way gate to the infinite horrors of the Abyss.
 39189 | D:11     | Bought a +4 ring of protection for 504 gold pieces
 39248 | Orc:1    | Entered Level 1 of the Orcish Mines
 39253 | Orc:1    | Reached skill level 5 in Stealth
 39686 | Orc:2    | Entered Level 2 of the Orcish Mines
 40210 | Orc:2    | Noticed Jorgrun
 40519 | Orc:2    | Killed Jorgrun
 40736 | Orc:2    | Found a staircase to the Elven Halls.
 41769 | Orc:2    | Reached skill level 1 in Armour
 41782 | Orc:2    | Reached skill level 2 in Armour
 42238 | Orc:2    | Noticed Donald
 42252 | Orc:2    | Killed Donald
 42341 | Orc:2    | Reached skill level 3 in Armour
 42487 | Orc:2    | Found Umnoeff's Weapon Emporium.
 42892 | Orc:2    | Noticed an orc warlord
 42902 | Orc:2    | Killed an orc warlord
 42903 | Orc:2    | Reached skill level 4 in Armour
 43196 | Orc:2    | Found Boseompo's Book Shop.
 43522 | Orc:2    | Reached skill level 5 in Armour
 43668 | Orc:2    | Reached XP level 16. HP: 111/131 MP: 0/0
 43676 | Orc:2    | Found Giuryuj's Antique Armour Boutique.
 43716 | Orc:2    | Found Hutsoazui's Armour Boutique.
 43827 | Orc:2    | Bought a pair of runed boots for 172 gold pieces
 43832 | Orc:2    | Bought a dyed leather armour for 115 gold pieces
 44122 | D:10     | Killed TheSexyCheese's ghost
 44123 | D:10     | Reached skill level 6 in Armour
 45425 | D:13     | Noticed Josephine
 45433 | D:13     | Killed Josephine
 45684 | D:13     | Noticed Azrael
 45710 | D:13     | Killed Azrael
 46199 | D:13     | Identified the +1 ring mail of Perfidy {Int+3}
 47820 | D:13     | Found a gate to the Vaults.
 48439 | D:14     | Identified the +0 robe of Valiance {rElec Int+3 Slay+5}
 49071 | D:14     | Reached skill level 5 in Evocations
 50239 | D:15     | Entered Level 15 of the Dungeon
 50742 | D:15     | Reached skill level 10 in Shields
 51185 | D:15     | Found an opulent altar of Gozag.
 51703 | D:15     | Reached XP level 17. HP: 78/138 MP: 0/0
 51703 | D:15     | Learned a level 6 spell: Iron Shot
 52074 | D:15     | Found a staircase to the Depths.
 52685 | D:15     | Reached skill level 5 in Dodging
 53796 | Elf:1    | Entered Level 1 of the Elven Halls
 53811 | Elf:1    | Paralysed by an air elemental for 1 turns
 55346 | Elf:1    | Paralysed by an air elemental for 1 turns
 56370 | Elf:1    | Reached skill level 10 in Dodging
 56822 | Elf:1    | Identified the amulet of Reimbursement {Regen+ Str+2 Int+3
                  | Slay+3}
 57037 | Elf:1    | Identified the Compendium of Accomplices
 57962 | Elf:2    | Found a frozen archway.
 57971 | IceCv    | Entered an ice cave
 59205 | IceCv    | Reached XP level 18. HP: 131/141 MP: 0/0
 60341 | IceCv    | Identified the amulet of Teygam {Acrobat +Inv rElec Int-3
                  | Dex-2}
 61122 | Elf:2    | Reached skill level 7 in Armour
 62448 | Elf:2    | Reached skill level 8 in Armour
 62777 | Elf:3    | Entered Level 3 of the Elven Halls
 63083 | Elf:2    | Found Putt's Antique Weapon Emporium.
 63427 | Elf:2    | Reached skill level 9 in Armour
 63452 | Elf:2    | Found a huge runed translucent gate.
 63452 | Elf:2    | Found a huge runed translucent gate.
 63457 | Elf:2    | Found a huge runed translucent gate.
 63458 | Elf:2    | Found a huge runed translucent gate.
 63459 | Elf:2    | Found a huge runed translucent gate.
 63633 | Orc:2    | Bought the +2 war axe of Burnt Conscience {venom, +Blink
                  | Will+ Str+3} for 561 gold pieces
 63888 | Shoals:1 | Entered Level 1 of the Shoals
 63978 | Shoals:1 | Noticed a kraken
 63997 | Shoals:1 | Killed a kraken
 64210 | Shoals:1 | Found a runed translucent door.
 64341 | Shoals:1 | Noticed Ceuduph's ghost (adept AtWn)
 65796 | Shoals:1 | Killed Ceuduph's ghost
 65797 | Shoals:1 | Reached skill level 10 in Armour
 66749 | Shoals:2 | Reached skill level 11 in Armour
 66866 | Shoals:2 | Noticed Nikola
 66879 | Shoals:2 | Killed Nikola
 68195 | Shoals:3 | Noticed a kraken
 68207 | Shoals:3 | Killed a kraken
 68208 | Shoals:3 | Reached skill level 12 in Armour
 68723 | Shoals:3 | Reached XP level 19. HP: 112/142 MP: 0/0
 68723 | Shoals:3 | Learned a level 7 spell: Storm Form
 69322 | Spider:1 | Entered Level 1 of the Spider Nest
 70021 | Spider:1 | Reached skill level 13 in Armour
 71090 | Spider:2 | Reached skill level 14 in Armour
 71861 | Spider:2 | Identified a scroll of acquirement
 71885 | Spider:2 | Acquired a +2 vampiric demon blade
 72649 | Spider:2 | Reached skill level 15 in Armour
 73429 | Spider:3 | HP: 6/142 [spark wasp/living lightning (26)]
 73740 | Spider:3 | Noticed Mara
 73743 | Spider:3 | Noticed dolemite99's illusion
 73992 | Shoals:4 | Entered Level 4 of the Shoals
 73992 | Shoals:4 | Found a stormy altar of Qazlal.
 74129 | Shoals:4 | Paralysed by an air elemental for 1 turns
 74133 | Shoals:4 | Paralysed by an air elemental for 1 turns
 74270 | Shoals:4 | Paralysed by an air elemental for 1 turns
 74273 | Shoals:4 | Paralysed by an air elemental for 1 turns
 74282 | Shoals:4 | Paralysed by an air elemental for 1 turns
 74536 | Shoals:3 | Paralysed by an air elemental for 1 turns
 75165 | Shoals:4 | Paralysed by an air elemental for 1 turns
 75168 | Shoals:4 | Paralysed by an air elemental for 1 turns
 75198 | Shoals:4 | Found a stormy altar of Qazlal.
 75466 | Shoals:4 | Reached XP level 20. HP: 139/148 MP: 0/0
 75561 | Shoals:4 | Paralysed by an air elemental for 1 turns
 76592 | Shoals:4 | Identified the +3 triple crossbow of the Witching Gods
                  | {heavy, rElec Int+3}
 76614 | Shoals:4 | Shot with a bolt by a merfolk javelineer

Illustrated notes

Levels and vault maps discovered:
D:1:      dpeg_arrival_solitude, layout_loops_ring,
          dreamdust_ecumenical_altar_sealed_demon
D:2:      layout_loops_corners, minmay_misc_feat_diagonals,
          chequers_serial_rivers_micro_a
D:3:      layout_loops_ring, bloody_makhleb, serial_shops, shop,
          minmay_circle_x, uniq_sigmund
D:4:      layout_rooms, mainiacjoe_overflow_alcove_3, uniq_ijyb
D:5:      layout_rooms, okawaru_metal_pillars_1_2, uniq_duvessa
D:6:      old_forge, layout_basic
D:7:      layout_basic, tgw_fedhas, grunt_temple_overflow_diamond,
          minmay_temple_entry_trees, kennysheep_big_empty_room,
          hex_intersection, kennysheep_generic_room_10
D:8:      layout_cave_pools, serial_shops, kennysheep_little_box,
          enter_bailey_2, minivault_1, uniq_pikel, uniq_maurice
D:9:      layout_loops_ring, zin_purify, nicolae_figureground_pulse,
          uniq_joseph, uniq_erolcha
D:10:     minmay_cornered_nines, layout_loops_corners,
          kennysheep_orc_monster_closet_entryway, gammafunk_ghost_nasty_kobolds
D:11:     layout_basic, david_lair_generic, serial_shops, shop, uniq_lodul
D:12:     layout_basic
D:13:     layout_rooms, hangedman_vaults_entry_quadrant_bands,
          gauntlet_entry_generic, hangedman_stone_soup, uniq_azrael,
          uniq_josephine
D:14:     layout_stronghold, minmay_misc_feat_hallway
D:15:     gammafunk_depths_entry_grave, layout_cave_pods, drop_trap,
          nicolae_gozag_cash_rules_everything_around_me
Temple:   nicolae_temple_bog_church
Lair:1:   wander_river, layout_cave_pods, maelrawn_ghost_gauntlet_escape,
          minmay_shattered_shrine
Lair:2:   layout_roguey, elwin_shoals_entry_rooms,
          lightli_volcano_entry_magma_tube, nicolae_lair_grazing_beasts
          [nicolae_sub_lair_graze_edge, nicolae_sub_lair_graze_edge,
          nicolae_sub_lair_graze_edge, nicolae_sub_lair_graze_edge]
Lair:3:   layout_gridlike, spider_nest_entry_rubble, grunt_megastairs_2
Lair:4:   layout_layer_cave, nicolae_slime_entry_slimehenge,
          cheibrodos_lair_reptile_den
Lair:5:   hellmonk_lair_end_abyssal_woods, layout_loops_ring,
          infiniplex_staircase_pool, lemuel_fruit_fields, uniq_kirke
Shoals:1: layout_shoals, hellmonk_ghost_happy_afterlife
Shoals:2: layout_shoals, uniq_nikola
Shoals:3: layout_shoals, nicolae_shoals_nymph_descending_staircase
Shoals:4: shoals_end_hellmonk_storm_palace [storm_palace_center_ruins,
          storm_palace_corner_narrow, storm_palace_corner_altar,
          storm_palace_corner_altar, storm_palace_corner_reverse_hut]
Spider:1: layout_spider_delve, guppyfry_spider_mini_1
Spider:2: layout_spider_delve
Spider:3: layout_spider_delve, uniq_mara
Orc:1:    layout_caves
Orc:2:    hellmonk_orc_salted, layout_caves, uniq_donald, uniq_jorgrun
Elf:1:    eino_elf_arrival_sip, layout_loops_corners, basic_altar,
          minmay_elf_demonology, palyth_stone_intersect,
          small_chamber_with_monster, minivault_20
Elf:2:    elven_hall_of_blades_hangedman_alternative [mumra_blade_entry_dagger],
          layout_geoelf_grid, portal_ice_cave_entry_pillars_four, serial_shops,
          shop, drop_trap, uniq_saint_roka, uniq_asterion
Elf:3:    minmay_elf_hall_four_x, layout_geoelf_octagon, nicolae_elf_v_pinch,
          due_unseen_surprise

Skill      XL: |  1  2  3  4  5  6  7  8  9 10 11 12 13 14 15 16 17 18 19 20 |
---------------+-------------------------------------------------------------+-----
Spellcasting   | 4 5 6 7 8 9 10 11 12 13 | 13.3
Fighting       | 2 3 5 8 10 13 14 | 14.9
Dodging        | 3 4 10 | 10.5
Short Blades   | 6 |  6.9
Evocations     | 2 6 |  6.0
Throwing       | 2 4 |  4.8
Long Blades    | 3 6 10 | 10.7
Shields        | 7 10 | 10.5
Stealth        | 7 8 |  8.6
Armour         | 5 6 12 15 | 15.2

Action                     |  1- 3 |  4- 6 |  7- 9 | 10-12 | 13-15 | 16-18 | 19-21 || total
---------------------------+-------+-------+-------+-------+-------+-------+-------++-------
  Melee: Mace              |     2 |       |       |       |       |       |       ||     2
         Spear             |     1 |       |       |       |       |       |       ||     1
         Whip              |       |     3 |    33 |    11 |       |       |       ||    47
         Staff             |       |       |       |     4 |    17 |    60 |    11 ||    92
         Double sword      |       |       |       |     2 |   186 |     8 |    44 ||   240
         Rapier            |       |       |       |       |       |     9 |       ||     9
         Scimitar          |       |       |       |       |       |     5 |    80 ||    85
         Demon blade       |       |       |       |       |       |       |   192 ||   192
  Throw: Dart              |       |       |       |    60 |   316 |   147 |   187 ||   710
         Javelin           |       |       |       |       |    33 |    12 |     5 ||    50
         Throwing net      |       |       |       |       |     5 |     2 |     1 ||     8
         Boomerang         |       |       |       |       |       |   135 |    28 ||   163
   Cast: Magic Dart        |    70 |    37 |    52 |   113 |       |       |       ||   272
         Searing Ray       |     4 |    10 |    32 |    73 |    16 |       |       ||   135
         Dazzling Flash    |       |       |     3 |       |     5 |     2 |     3 ||    13
         Fulminant Prism   |       |       |     3 |    22 |    28 |    21 |     1 ||    75
         Frozen Ramparts   |       |       |     3 |    32 |    40 |       |    15 ||    90
         Iskenderun's Myst |       |       |       |     5 |    92 |   120 |     3 ||   220
         Airstrike         |       |       |       |    10 |   211 |   373 |   101 ||   695
         Agony             |       |       |       |       |     1 |       |       ||     1
         Gell's Gravitas   |       |       |       |       |     1 |       |       ||     1
         Eringya's Noxious |       |       |       |       |    33 |    76 |    34 ||   143
         Iron Shot         |       |       |       |       |       |    98 |    64 ||   162
 Invoke: Curse Item        |       |       |       |     4 |     3 |     1 |     2 ||    10
         Shatter the Chain |       |       |       |       |     1 |     2 |       ||     3
  Evoke: Wand              |       |       |     7 |    31 |    50 |    29 |    23 ||   140
         Lightning rod     |       |       |       |       |       |    20 |     6 ||    26
    Use: Scroll            |       |     1 |    14 |    12 |    10 |    12 |    19 ||    68
         Potion            |       |       |     6 |     8 |     6 |    22 |    11 ||    53
   Stab: Distracted        |       |       |     1 |       |       |       |     1 ||     2
         Invisible         |       |       |       |       |     1 |       |       ||     1
         Paralysed         |       |       |       |       |       |       |     3 ||     3
 Armour: Robe              |     1 |    16 |    23 |    44 |    71 |    85 |       ||   240
         Ring mail         |       |       |       |       |       |    39 |     2 ||    41
         Scale mail        |       |       |       |       |       |       |   218 ||   218
  Dodge: Dodged            |     7 |    31 |    91 |   147 |   249 |   273 |   226 ||  1024
  Block: Buckler           |       |       |       |       |    90 |       |       ||    90
         Kite shield       |       |       |       |       |     2 |   269 |   318 ||   589
         Reflection        |       |       |       |       |       |   106 |     2 ||   108

Table legend: (Time is in decaauts)
 A = Elapsed time spent in this place.
 B = Non-inter-level travel time spent in this place.
 C = Inter-level travel time spent in this place.
 D = Time resting spent in this place.
 E = Time spent auto-exploring this place.
 F = Levels seen in this place.
 G = Mean time per level.
                   A        B        C        D        E       F      G
               +--------+--------+--------+--------+--------+-----+--------+
         Total |  76415 |  73478 |   2937 |  42375 |  20340 |  34 | 2247.5 |
       Dungeon |  35237 |  33578 |   1659 |  19092 |   9947 |  15 | 2349.1 |
        Temple |     53 |     37 |     16 |      0 |     19 |   1 |   53.0 |
          Lair |  14250 |  13676 |    574 |   7173 |   4554 |   5 | 2850.0 |
        Shoals |   7802 |   7662 |    140 |   4191 |   2177 |   4 | 1950.5 |
   Spider Nest |   4491 |   4374 |    117 |   2247 |   1123 |   3 | 1497.0 |
  Orcish Mines |   4825 |   4554 |    271 |   2958 |    855 |   2 | 2412.5 |
   Elven Halls |   7106 |   6948 |    158 |   4748 |   1346 |   3 | 2368.7 |
      Ice Cave |   2647 |   2647 |      0 |   1963 |    319 |   1 | 2647.0 |
               +--------+--------+--------+--------+--------+-----+--------+

Top non-repeatable levels by time:
   Elf:1: 5523 daAuts
  Lair:5: 4297 daAuts
    D:10: 3545 daAuts
  Lair:4: 3378 daAuts
    D:12: 3224 daAuts
    D:11: 3197 daAuts
    D:15: 3057 daAuts
   Orc:2: 2951 daAuts
  Lair:2: 2865 daAuts
    D:13: 2859 daAuts
     D:9: 2833 daAuts
Spider:2: 2772 daAuts
  Lair:1: 2754 daAuts
     D:7: 2691 daAuts
   IceCv: 2647 daAuts
